 Dungeon Crawl Stone Soup version 0.31-a0-188-g5e087ee2ca (webtiles) character file.

Game seed: 1508624764319951295

729 Ijustatesigmund the Stinger (level 7, -4/45 HPs)
             Began as an Octopode Venom Mage on June 23, 2023.
             Was an Initiate of Vehumet.
             Slain by an ice beast (8 damage)
             ... on level 6 of the Dungeon.
             The game lasted 00:11:25 (6396 turns).

Ijustatesigmund the Stinger (Octopode Venom Mage)   Turns: 6396, Time: 00:11:25

Health: -4/45      AC:  1    Str:  7    XL:     7   Next: 73%
Magic:  8/13       EV: 13    Int: 19    God:    Vehumet [......]
Gold:   281        SH:  0    Dex: 13    Spells: 4/14 levels left

rFire   . . .        l - +0 glaive (venom)
rCold   . . .        (shield currently unavailable)
rNeg    . . .        (helmet restricted)
rPois   .            (no amulet)
rElec   .            (no ring)
rCorr   .            (no ring)
SInv    .            (no ring)
Will    .....        (no ring)
Stlth   +++          (no ring)
HPRegen 0.27/turn    (no ring)
MPRegen 0.13/turn    (no ring)
                     (no ring)

%: no passive effects
@: no status effects
A: almost no armour, amphibious, 8 rings, camouflage 1, gelatinous body 1,
(nimble swimmer 1), tentacles
a: Renounce Religion


You were on level 6 of the Dungeon.
You worshipped Vehumet.
Vehumet was noncommittal.
You visited 2 branches of the dungeon, and saw 7 of its levels.

You collected 281 gold pieces.

Inventory:

Hand Weapons
 b - a +2 flail of protection
 d - a +0 war axe
 i - the +3 whip "Ywapnirr" {freeze, rElec rF+ Will+ Dex+3}
   (You found it on level 2 of the Dungeon)

   Dex:       It affects your dexterity (+3).
   rF:        It protects you from fire.
   rElec:     It insulates you from electricity.
   Will:      It increases your willpower.
 l - a +0 glaive of venom (weapon)
Jewellery
 g - a ring of fire
Scrolls
 c - 2 scrolls of teleportation
 e - a scroll of torment {unknown}
 f - a scroll of vulnerability
 h - 6 scrolls of identify
 j - 5 scrolls of enchant armour
 k - 2 scrolls of fear
Potions
 a - 3 potions of magic


   Skills:
 - Level 2.7 Fighting
 - Level 1.1 Maces & Flails
 - Level 2.0 Dodging
 - Level 2.6 Stealth
 + Level 4.2 Spellcasting
 + Level 2.3 Conjurations
 - Level 1.0 Transmutations
 + Level 3.6 Air Magic
 + Level 6.0 Poison Magic


You had 4 spell levels left.
You knew the following spells:

 Your Spells              Type           Power      Damage    Failure   Level
a - Sting                 Tmut/Pois      68%        1d6       3%          1
b - Poisonous Vapours     Pois/Air       44%        N/A       2%          2
c - Mephitic Cloud        Conj/Pois/Air  19%        N/A       8%          3
d - Olgreb's Toxic Radia  Pois           27%        N/A       11%         4

Your spell library contained the following spells:

 Spells                   Type           Power      Damage    Failure   Level


Dungeon Overview and Level Annotations

Branches:
Dungeon (6/15)             Temple (1/1) D:4

Altars:
Ashenzari
Cheibriados
Elyvilon
Nemelex Xobeh
Okawaru
Qazlal
Ru
Sif Muna
Uskayaw
Vehumet
Wu Jian
Xom
The Shining One

Shops:
D:5 (

Annotations:
D:3 2 runed translucent doors


Innate Abilities, Weirdness & Mutations

You cannot wear most types of armour.
You are amphibious.
You can wear up to eight rings at the same time.
Your skin changes colour to match your surroundings (Stealth+).
Your rubbery body absorbs attacks. (AC +1, EV +1)
((You are camouflaged when in or above water. (Stealth+)))
You have tentacles for arms and can constrict up to eight enemies at once.


Message History

Casting: Poisonous Vapours (safe; 2% risk of failure)
Confirm with . or Enter, or press ? or * to list all spells.
The spell is quite dangerous to miscast (11% risk of failure)!
Continue anyway? [Y]es or [N]o only, please.
The spell is quite dangerous to miscast (11% risk of failure)!
Continue anyway?
You begin to radiate toxic energy.
Your toxic aura wanes.
Casting: Olgreb's Toxic Radiance (quite dangerous; 11% risk of failure)
Confirm with . or Enter, or press ? or * to list all spells.
Aiming: Sting (safe; 3% risk of failure)
Press: ? - help, Shift-Dir - straight line, f - ice beast
Aim: an ice beast (74% to hit)
The sting hits the ice beast.
The ice beast partially resists.
The ice beast is lightly wounded.
Casting: Sting (safe; 3% risk of failure)
Confirm with . or Enter, or press ? or * to list all spells.
Aiming: Sting (safe; 3% risk of failure)
Press: ? - help, Shift-Dir - straight line, f/p - ice beast
Aim: an ice beast (lightly wounded, 74% to hit)
The sting hits the ice beast but does no damage.
The ice beast is poisoned.
The ice beast is lightly wounded.
You closely miss the ice beast. You squeeze the ice beast.
The ice beast is moderately wounded.
The ice beast barely misses you.
You closely miss the ice beast. Your squeeze misses the ice beast.
The ice beast is moderately wounded.
The ice beast closely misses you. The ice beast hits you.
The ice beast freezes you!
You slash the ice beast! You squeeze the ice beast.
The ice beast is severely wounded.
The ice beast hits you. The ice beast freezes you! The ice beast hits you.
The ice beast freezes you!
* * * LOW HITPOINT WARNING * * *
You barely miss the ice beast.
The ice beast is severely wounded.
The ice beast hits you.
* * * LOW HITPOINT WARNING * * *
The ice beast freezes you!
You die...

######### ######.............
#.......# #...........#.#
###.......####.#####.###.#.#
..'.......'......# #.# #...#
###.......####.#.# #.# ###'######
###.......#....#.# #.# #........
......#####.#..#.###.# #........
..###.# #.#........# #........
..# #.### #.##.#@###.# #........
..# #...# #.##.#Y# ### #........
..#####.##.......# #........
........................'........
.............#.........##........
...........)...........'.........
..#####.####...........##........
..#####+###............##........
.)##........#..........##........


You could see an ice beast (poisoned).

Vanquished Creatures
  A black bear (D:4)
  A centaur (D:5)
  A phantom (D:5)
  A scorpion (D:4)
  A hound (D:6)
  3 orc priests
  4 orc wizards
  Terence (D:3)
  5 adders
  3 gnolls (D:6)
  A shadow imp (D:3)
  An ufetubus (D:5)
  2 worms (D:4)
  17 orcs
  5 ball pythons
  7 endoplasms
  A giant cockroach (D:1)
  7 goblins
  9 hobgoblins
  2 jackals (D:2)
  A quokka (D:1)
  6 bats
  5 frilled lizards
  6 kobolds
  5 rats
96 creatures vanquished.

Notes
Turn   | Place    | Note
-------+----------+-------------------------------------------
     0 | D:1      | Ijustatesigmund the Octopode Venom Mage began the quest for
                  | the Orb.
     0 | D:1      | Reached XP level 1. HP: 11/11 MP: 3/3
   183 | D:1      | Reached XP level 2. HP: 15/18 MP: 3/5
   186 | D:1      | Learned a level 2 spell: Poisonous Vapours
   475 | D:1      | Reached skill level 4 in Poison Magic
   579 | D:1      | Reached skill level 1 in Fighting
  1029 | D:2      | Reached XP level 3. HP: 2/23 MP: 2/6
  1152 | D:2      | Found a faded altar of an unknown god.
  1426 | D:2      | Reached skill level 1 in Air Magic
  1475 | D:2      | Identified the +3 whip "Ywapnirr" {freeze, rElec rF+ Will+
                  | Dex+3}
  1984 | D:3      | Reached XP level 4. HP: 24/28 MP: 6/8
  2046 | D:3      | Learned a level 3 spell: Mephitic Cloud
  2428 | D:3      | HP: 1/29 [orc priest/+2 flail of protection (12)]
  2439 | D:3      | Reached XP level 5. HP: 5/34 MP: 6/9
  2856 | D:3      | Found a large runed translucent door.
  2856 | D:3      | Found a large runed translucent door.
  2861 | D:3      | Found a shimmering altar of Xom.
  3081 | D:3      | Noticed Terence
  3087 | D:3      | Killed Terence
  3397 | D:4      | Found a hide-covered altar of Uskayaw.
  3448 | D:4      | Noticed a black bear
  3459 | D:4      | Killed a black bear
  3460 | D:4      | Reached skill level 5 in Poison Magic
  3460 | D:4      | Reached XP level 6. HP: 30/41 MP: 1/11
  3547 | D:4      | Learned a level 4 spell: Olgreb's Toxic Radiance
  3634 | D:4      | Found a staircase to the Ecumenical Temple.
  3647 | Temple   | Entered the Ecumenical Temple
  3687 | Temple   | Became a worshipper of Vehumet
  3813 | D:4      | Identified the +0 chain mail of Doojaq {Fly rC- Str+2
                  | Int+3}
  4493 | D:5      | Entered Level 5 of the Dungeon
  4562 | D:5      | Reached skill level 1 in Conjurations
  4739 | D:5      | Reached skill level 1 in Maces & Flails
  4744 | D:5      | Reached XP level 7. HP: 45/45 MP: 6/12
  5117 | D:5      | Found a sacrificial altar of Ru.
  5165 | D:5      | Found Exuacw Fine's Antique Weapon Boutique.
  5754 | D:5      | Found a sparkling altar of Nemelex Xobeh.
  6186 | D:6      | Reached skill level 6 in Poison Magic
  6396 | D:6      | Slain by an ice beast

Illustrated notes

Levels and vault maps discovered:
D:1:      spicycebolla_green_bress_n_ham, layout_basic
D:2:      layout_rooms, ebering_ecumenical_altar_box
D:3:      due_chaos_kobolds, layout_basic, hangedman_glass_teeth, uniq_terence
D:4:      layout_gridville, nicolae_uskayaw_murder_on_the_dancefloor,
          minmay_temple_entry_statues_pillars, nicolae_underground_beach
D:5:      cheibrodos_helix_gallery, layout_gridville, kennysheep_mini,
          nemelex_diamond_rough_becter, serial_shops, nicolae_shop_tiny_glass
D:6:      layout_basic, overflow_temple_1_default
Temple:   nicolae_temple_ecumenical_triangle

Skill      XL: |  1  2  3  4  5  6  7 |
---------------+----------------------+-----
Poison Magic   | 4 5 6 |  6.0
Fighting       | 1 2 |  2.7
Air Magic      | 1 2 3 |  3.6
Spellcasting   | 3 4 |  4.2
Conjurations   | 1 2 |  2.3
Maces & Flails | 1 |  1.1
Dodging        | |  2.0
Stealth        | |  2.6
Transmutations | |  1.0

Action                     |  1- 3 |  4- 6 |  7- 9 || total
---------------------------+-------+-------+-------++-------
  Melee: Unarmed           |    16 |       |       ||    16
         Constrict         |    13 |    18 |     7 ||    38
         Tentacles         |    16 |    16 |    10 ||    42
         Spear             |    40 |       |       ||    40
         Punch             |     1 |     1 |     1 ||     3
         Whip              |    23 |    69 |       ||    92
         Glaive            |       |     7 |    51 ||    58
   Cast: Sting             |    12 |     2 |     2 ||    16
         Poisonous Vapours |    19 |    40 |    15 ||    74
         Mephitic Cloud    |       |     3 |     1 ||     4
         Olgreb's Toxic Ra |       |       |     1 ||     1
    Use: Potion            |     3 |     4 |     2 ||     9
         Scroll            |     1 |       |     4 ||     5
   Stab: Sleeping          |     3 |     2 |       ||     5
 Armour: Skin              |     6 |     3 |     3 ||    12
  Dodge: Dodged            |    51 |    37 |    35 ||   123

Table legend: (Time is in decaauts)
 A = Elapsed time spent in this place.
 B = Non-inter-level travel time spent in this place.
 C = Inter-level travel time spent in this place.
 D = Time resting spent in this place.
 E = Time spent auto-exploring this place.
 F = Levels seen in this place.
 G = Mean time per level.
                   A        B        C        D        E       F      G
               +--------+--------+--------+--------+--------+-----+--------+
         Total |   6433 |   6271 |    162 |   2064 |   3437 |   7 |  919.0 |
       Dungeon |   6383 |   6230 |    153 |   2064 |   3405 |   6 | 1063.8 |
        Temple |     49 |     40 |      9 |      0 |     32 |   1 |   49.0 |
               +--------+--------+--------+--------+--------+-----+--------+

Top non-repeatable levels by time:
     D:5: 1466 daAuts
     D:3: 1459 daAuts
     D:4: 1044 daAuts
     D:1: 1014 daAuts
     D:2: 940 daAuts
     D:6: 456 daAuts
  Temple: 49 daAuts
